 Dungeon Crawl Stone Soup version 0.22-a0-430-g6609fc6 (webtiles) character file.

21 raistware the Magician (level 2, -43/19 HPs)
             Began as a Mummy Wizard on May 26, 2018.
             Killed from afar by a jackal (46 damage)
             ... with an exploding inner flame
             ... hexed by the player character
             ... on level 1 of the Dungeon.
             The game lasted 00:02:17 (912 turns).

raistware the Magician (Mummy Wizard)                Turns: 912, Time: 00:02:18

Health: -43/19     AC:  2    Str: 10    XL:     2   Next: 65%
Magic:  0/7        EV: 12    Int: 17    God:
Gold:   18         SH:  0    Dex: 10    Spells: 6/9 levels left

rFire    x . .     SeeInvis .   d - +1 dagger (elec)
rCold    + . .     Gourm    .   (no shield)
rNeg     + + +     Faith    .   a - +0 robe
rPois    ∞         Spirit   .   b - +0 hat
rElec    .         Reflect  .   (no cloak)
rCorr    .         Harm     .   (no gloves)
MR       .....                  (no boots)
Stlth    ++........             (no amulet)
HPRegen  0.06/turn              (no ring)
MPRegen  0.10/turn              (no ring)

@: very slightly contaminated
A: no food or potions, fire vulnerability, cold resistance 1, negative energy
resistance 3, torment resistance, unbreathing
a: no special abilities


You were on level 1 of the Dungeon.
You were not hungry.

You visited 1 branch of the dungeon, and saw 1 of its levels.

You collected 18 gold pieces.

Inventory:

Hand Weapons
 d - a +1 dagger of electrocution (weapon)
Armour
 a - a +0 robe (worn)
 b - a +0 hat (worn)


   Skills:
 - Level 1.5 Dodging
 - Level 1.5 Stealth
 - Level 4.0 Spellcasting
 + Level 2.2 Conjurations
   Level 0.7 Summonings
 - Level 0.7 Translocations


You had 6 spell levels left.
You knew the following spells:

 Your Spells              Type           Power        Failure   Level  Hunger
a - Magic Dart            Conj           ##..         6%          1    N/A
b - Blink                 Tloc           N/A          19%         2    N/A

Your spell library contained the following spells:

 Spells                   Type           Power        Failure   Level  Hunger
 Conjure Flame            Conj/Fire      #.......     30%         3    N/A
 Slow                     Hex            #.......     24%         2    N/A
 Mephitic Cloud           Conj/Pois/Air  #.......     34%         3    N/A
 Call Imp                 Summ           #.......     19%         2    N/A

Dungeon Overview and Level Annotations

Branches:
Dungeon (1/15)

Altars:


Innate Abilities, Weirdness & Mutations

You do not eat or drink.
Your flesh is vulnerable to fire.
You are immune to poison.
Your flesh is cold resistant. (rC+)
You are immune to negative energy. (rN+++)
You are immune to unholy pain and torment.
You can survive without breathing.


Message History

The magic dart hits the jackal.
The jackal is almost dead.
The jackal bites you but does no damage.
The jackal bites you.
* * * LOW HITPOINT WARNING * * *
There are monsters nearby!
As you read the scroll labeled DIERRA GAOMEUD, it crumbles to dust.
The creatures around you are filled with an inner flame!
It was a scroll of immolation.
The jackal misses you. The jackal misses you.
Casting: Magic Dart (safe; 6% risk of failure)
Confirm with . or Enter, or press ? or * to list all spells.
Aiming: Magic Dart (safe; 6% risk of failure)
Press: ? - help, Shift-Dir - straight line, f/p - jackal
Aim: a jackal (almost dead, inner flame)
The magic dart hits the jackal.
The jackal explodes!
The fiery explosion engulfs you! The fire burns you terribly!
Ouch! That really hurt!
You die...

.♣♣♣......... +.....<.....+
♣P♣P.......## ##..(......##
P♣♣PP......# ##.......## .#
#..........# ##.....## .#
##.........# ##...## .#
#...[.....# ##.## .# #.........#
### .#
#.........####################..
#..)......'....@§§Khg...†...(...
#.........###################...
#.........# #.........
#.........# #.........
##...###### #......... #...#
#......... #...# #.........
#...# #..!....## #...# #.......#


You could see a jackal (inner flame), a hobgoblin (inner flame) and a kobold
(inner flame).

Vanquished Creatures
  A giant cockroach (D:1)
  3 goblins (D:1)
  A hobgoblin (D:1)
  5 jackals (D:1)
  A ball python (D:1)
  3 bats (D:1)
  5 rats (D:1)
19 creatures vanquished.

Notes
Turn   | Place    | Note
-------+----------+-------------------------------------------
     0 | D:1      | raistware the Mummy Wizard began the quest for the Orb.
     0 | D:1      | Reached XP level 1. HP: 13/13 MP: 5/5
    17 | D:1      | Reached skill level 1 in Conjurations
   163 | D:1      | Reached XP level 2. HP: 18/19 MP: 4/7
   167 | D:1      | Learned a level 2 spell: Blink
   912 | D:1      | Killed from afar by a jackal

Vault maps used:
D:1:      mrwooster_arrival_arrow, serial_forest, infiniplex_forest_clump_small,
          infiniplex_forest_clump_double, infiniplex_forest_end_3,
          infiniplex_forest_straight_4

Skill      XL: |  1  2 |
---------------+-------+-----
Conjurations   | 1 2 |  2.2
Dodging        | |  1.5
Stealth        | |  1.5
Spellcasting   | |  4.0
Summonings     | |  0.7
Translocations | |  0.7

Action                   || total
-------------------------++-------
Melee: Short sword       ||    18
       Dagger            ||    19
 Cast: Magic Dart        ||    36
  Use: Scroll            ||     1
Armor: Robe              ||    10
Dodge: Dodged            ||    39

Table legend:
 A = Spawn XP
 B = Non-spawn XP
 C = Spawn XP percentage of total XP
 D = Spawn monster count
 E = Non-spawn monster count
 F = Spawn count percentage of total count
 G = Total turns spent on level
                    A         B        C        D         E        F      G
               +---------+---------+-------+---------+---------+-------+---------
         Total |       0 |      31 |   0.0 |       0 |      19 |   0.0 |   912
               +---------+---------+-------+---------+---------+-------+---------
           D:1 |       0 |      31 |   0.0 |       0 |      19 |   0.0 |   912
               +---------+---------+-------+---------+---------+-------+---------
